 Dungeon Crawl Stone Soup version 0.19-a0-1655-gdd95918 (webtiles) character file.

137 LORDOFBUTT the Chopper (level 5, -2/47 HPs)
             Began as a Minotaur Berserker on Sept 20, 2016.
             Was a Believer of Trog.
             Slain by an adder (4 damage)
             ... on level 3 of the Dungeon.
             The game lasted 00:01:21 (1974 turns).

LORDOFBUTT the Chopper (Minotaur Berserker)         Turns: 1974, Time: 00:01:21

Health: -2/47      AC:  2    Str: 27    XL:     5   Next: 0%
Magic:  4/4        EV: 12    Int:  4    God:    Trog [**....]
Gold:   110        SH:  0    Dex: 10    Spells: 0 memorised, 4 levels left

rFire  . . .     SeeInvis .     g - +0 war axe
rCold  . . .     Gourm    .     b - +0 animal skin
rNeg   . . .     Faith    .     (no shield)
rPois  .         Spirit   .     (helmet restricted)
rElec  .         Dismiss  .     (no cloak)
rCorr  .         Reflect  .     (no gloves)
MR     .....     Harm     .     (no boots)
Stlth  +.........               (no amulet)
                                (no ring)
                                (no ring)

@: mighty
A: retaliatory headbutt, horns 2
a: Berserk, Trog's Hand, Burn Spellbooks, Renounce Religion


You were on level 3 of the Dungeon.
You worshipped Trog.
Trog was pleased with you.
You were not hungry.

You visited 1 branch of the dungeon, and saw 3 of its levels.

You collected 110 gold pieces.

Inventory:

Hand Weapons
 g - a +0 war axe (weapon)
Armour
 b - a +0 animal skin (worn)
Jewellery
 m - an uncursed amulet of harm {unknown}
 q - an uncursed ring of flight {unknown}
Scrolls
 a - a scroll of random uselessness {unknown}
 d - a scroll of enchant armour {unknown}
 f - a scroll of blinking {unknown}
 h - a scroll of enchant weapon {unknown}
 i - 2 scrolls of magic mapping {unknown}
 p - 3 scrolls of remove curse {unknown}
Potions
 e - a potion of flight {unknown}
 k - a potion of brilliance {unknown}
 l - a potion of might
 n - a potion of agility {unknown}
 o - a potion of lignification {unknown}
 r - a potion of haste {unknown}
Comestibles
 c - 2 bread rations
 j - a royal jelly
 s - 4 fruits


   Skills:
 + Level 4.8 Fighting
 + Level 5.0 Axes
 + Level 3.0 Armour
 + Level 2.8 Dodging
 + Level 1.1 Stealth


You had 4 spell levels left.
You didn't know any spells.

Dungeon Overview and Level Annotations

Branches:
Dungeon (3/15)

Altars:


Innate Abilities, Weirdness & Mutations

You reflexively headbutt those who attack you in melee.
You have a pair of horns on your head.


Message History

An orc comes into view.
An orc and an orc priest come into view.
The orc priest shouts! x2
The orc priest invokes the aid of Beogh against you.
Beogh smites you!
* * * LOW HITPOINT WARNING * * *
You are too injured to fight recklessly!
There are monsters nearby!
You are too injured to fight recklessly!
You are too injured to fight recklessly!
The orc priest calls down the wrath of Beogh upon you.
Beogh smites you!
* * * LOW HITPOINT WARNING * * *
The adder closely misses you.
Things that are here:
a spear; a gnoll corpse It was a potion of might.
You feel very mighty all of a sudden. The adder bites you.
You die...

..#.#####.# #o# #.## #..##
#... ##..##### . #...
##.#>..###. #...
#......... #...
##S....#########.##
#@...## #........
...######....#####........
......)............>...<..
...#######...#####........
#...# #........ #####
#########


You could see an orc priest and an adder.

Vanquished Creatures
  Terence (D:2)
  Jessica (D:2)
  3 adders (D:2)
  A gnoll (D:3)
  2 oozes (D:2)
  A leopard gecko (D:2)
  An orc (D:3)
  4 bats (D:1)
  5 goblins
  5 hobgoblins
  2 jackals (D:2)
  3 kobolds (D:1)
  2 ball pythons (D:2)
  5 frilled lizards
  5 rats
41 creatures vanquished.

Notes
Turn   | Place    | Note
-------+----------+-------------------------------------------
     0 | D:1      | LORDOFBUTT the Minotaur Berserker began the quest for the Orb.
     0 | D:1      | Reached XP level 1. HP: 19/19 MP: 0/0
    98 | D:1      | Reached XP level 2. HP: 20/27 MP: 1/1
  1030 | D:2      | Reached skill level 4 in Axes
  1030 | D:2      | Reached XP level 3. HP: 14/33 MP: 2/2
  1300 | D:2      | Noticed Terence
  1307 | D:2      | Killed Terence
  1307 | D:2      | Reached XP level 4. HP: 35/41 MP: 3/3
  1536 | D:2      | Noticed Jessica
  1538 | D:2      | Reached ** piety under Trog
  1538 | D:2      | Reached skill level 1 in Stealth
  1544 | D:2      | Killed Jessica
  1951 | D:3      | Reached skill level 5 in Axes
  1951 | D:3      | Reached XP level 5. HP: 25/47 MP: 4/4
  1972 | D:3      | HP: 1/47 [orc priest/divine providence (14)]
  1974 | D:3      | Slain by an adder

Vault maps used:
D:1:      minmay_arrival_five_plusses, bh_walls_and_bars
D:2:      uniq_jessica, uniq_terence
D:3:      first_bread

Skill      XL: |  1  2  3  4 |
---------------+-------------+-----
Fighting       | 4 |  4.8
Axes           | 4 5 |  5.0
Stealth        | 1 |  1.1
Armour         | 3 |  3.0
Dodging        | |  2.8

Action                   |  1- 3 |  4- 6 || total
-------------------------+-------+-------++-------
Melee: Hand axe          |    54 |       ||    54
       Headbutt          |     1 |     7 ||     8
       War axe           |       |    31 ||    31
Invok: Berserk           |     1 |       ||     1
  Use: Potion            |       |     1 ||     1
  Eat: Meat ration       |     1 |       ||     1
Armor: Animal skin       |     8 |     5 ||    13
Dodge: Dodged            |    43 |    16 ||    59
